Map: Acid Plant LE

Players

AMERICA

  • Race: Protoss Protoss
  • League: Diamond
  • Spawn Location: 11:00

OniKratos - Winner!

  • Race: Terran Terran
  • League: Diamond
  • Spawn Location: 5:00

VOD

Have the link to the VOD?

Description

Time

  • Played on: Oct. 20, 2018, 11:22 a.m.
  • Length: 12:43
Show
View Real Time Build Order
Export as new Build Order

AMERICA Protoss 

Build Orders: 1 Gate Expand, Blink Stalkers 

Get SALT Encoding   

  12  0:01  Probe  
  13  0:13  Probe  
  14  0:18  Pylon  
  14  0:25  Probe  
  15  0:33  Probe  
  15  0:40  Gateway  
  15  0:41  Probe  
  16  0:49  Assimilator  
  17  0:51  Probe  
  18  1:03  Probe  
  19  1:23  Nexus  
  19  1:27  Probe  
  20  1:39  Cybernetics Core  
  20  1:45  Probe  
  21  1:49  Assimilator  
  21  1:56  Pylon  
  21  1:57  Probe  
  22  2:05  Stalker  
  22  2:09  Probe  
  25  2:21  Probe, Warp Gate  
  26  2:33  Probe  
  26  2:36  Twilight Council  
  27  2:44  Stalker  
  27  2:45  Probe  
  30  2:53  Blink  
  30  3:01  Probe  
  31  3:06  Probe  
  32  3:13  Probe  
  32  3:18  Probe  
  31  3:24  Stalker  
  32  3:28  Probe  
  32  3:30  Probe  
  34  3:38  Gateway  
  34  3:39  Gateway  
  34  3:40  Probe  
  35  3:42  Probe  
  36  3:52  Probe  
  36  3:54  Probe  
  38  4:04  Probe  
  38  4:05  Pylon  
  38  4:06  Probe  
  40  4:16  Probe  
  41  4:18  Probe  
  42  4:28  Probe  
  42  4:30  Probe  
  44  4:34  Robotics Facility  
  44  4:36  Assimilator, Pylon  
  44  4:40  Probe  
  44  4:41  Stalker x2  
  44  4:42  Stalker  
  51  5:02  Charge  
  51  5:05  Stalker x2  
  55  5:07  Nexus  
  55  5:10  Stalker  
  58  5:21  Observer  
  58  5:24  Probe  
  58  5:28  Pylon  
  59  5:34  Forge x2  
  59  5:35  Probe  
  60  5:39  Sentry  
  62  5:46  Observer, Pylon  
  63  5:55  Pylon  
  63  6:00  Gateway x2  
  63  6:05  Protoss Ground Weapons Level 1  
  63  6:06  Gateway  
  63  6:07  Observer, Protoss Ground Armor Level 1  
  63  6:08  Gateway  
  64  6:13  Gateway  
  64  6:16  Gateway  
  64  6:32  Observer  
  63  6:45  Probe  
  63  6:50  Observer  
  63  6:54  Stalker x2  
  66  7:11  Probe  
  66  7:12  Probe  
  66  7:14  Assimilator  
  68  7:17  Observer  
  65  7:34  Probe x2  
  67  7:46  Probe x2  
  69  7:53  Protoss Ground Weapons Level 2, Protoss Ground Armor Level 2  
  69  7:58  Probe x2  
  71  7:59  Probe  
  71  8:02  Pylon  
  72  8:06  Pylon  
  72  8:09  Photon Cannon  
  72  8:10  Probe x2  
  72  8:11  Probe  
  75  8:15  Photon Cannon  
  75  8:22  Probe x2  
  75  8:23  Probe  
  78  8:34  Probe x2  
  78  8:36  Probe  
  78  8:44  Zealot x2  
  78  8:45  Zealot x3  
  78  8:46  Probe x2  
  78  8:48  Probe  
  91  8:53  Observer  
  91  8:57  Stalker  
  91  8:58  Probe x2, Stalker x2  
  91  9:00  Probe  
  99  9:06  Nexus  
  99  9:10  Probe, Photon Cannon  
  99  9:11  Probe  
  99  9:12  Probe  
  102  9:23  Probe x2  
  104  9:24  Probe  
  105  9:31  Pylon  
  105  9:35  Probe x2  
  107  9:39  Immortal  
  107  9:44  Pylon  
  103  9:47  Pylon  
  107  9:56  Stargate  
  107  10:00  Shield Battery  
  107  10:03  Probe  
  107  10:04  Probe  
  107  10:06  Assimilator  
  109  10:12  Assimilator  
  109  10:15  Photon Cannon  
  109  10:18  Immortal, Photon Cannon  
  109  10:19  Probe x2  
  109  10:20  Probe  
  116  10:22  Probe  
  116  10:23  Photon Cannon  
  116  10:24  Shield Battery  
  117  10:37  Phoenix  
  117  10:47  Probe  
  117  10:48  Probe x2  
  117  10:49  Assimilator  
  122  10:50  Probe  
  122  10:53  Assimilator  
  122  10:56  Robotics Facility  
  123  10:57  Immortal  
  123  10:59  Templar Archives  
  123  11:00  Phoenix  
  123  11:02  Photon Cannon  
  122  11:25  Phoenix  
  124  11:27  Probe  
  124  11:32  Photon Cannon  
  124  11:35  Photon Cannon  
  124  11:37  Zealot x2  
  124  11:38  Zealot x5  
  138  11:49  Pylon  
  138  11:50  Phoenix, Pylon  
  140  12:02  Pylon  
  140  12:04  Pylon  
  140  12:06  Pylon  
  140  12:15  Phoenix  
  136  12:18  Zealot x5  
  136  12:19  Zealot x2  
Show
View Real Time Build Order
Export as new Build Order

OniKratos Terran - Winner!

Build Orders: Reaper Expand, Mech 

Get SALT Encoding   

  12  0:01  SCV  
  13  0:13  SCV  
  14  0:18  Supply Depot  
  14  0:25  SCV  
  15  0:40  SCV  
  15  0:42  Barracks  
  16  0:50  Refinery  
  16  0:52  SCV  
  17  1:04  SCV  
  18  1:16  SCV  
  18  1:27  Supply Depot  
  18  1:29  Orbital Command  
  19  1:42  Reaper  
  19  1:55  Command Center  
  19  1:57  SCV  
  20  2:06  Refinery  
  20  2:10  SCV  
  20  2:14  Reaper  
  22  2:24  SCV  
  22  2:26  Bunker  
  23  2:34  Factory  
  23  2:36  SCV  
  24  2:39  Supply Depot  
  24  2:48  SCV  
  25  2:59  Marine  
  25  3:00  SCV  
  27  3:07  Orbital Command  
  27  3:23  SCV  
  28  3:28  Marine  
  28  3:29  Factory Tech Lab  
  28  3:30  Orbital Command  
  28  3:32  Starport  
  27  3:46  Starport  
  27  3:48  Siege Tank, Marine  
  30  3:49  SCV  
  32  3:56  SCV  
  33  4:06  SCV  
  33  4:08  SCV  
  33  4:09  Starport Tech Lab  
  35  4:13  Barracks Reactor  
  35  4:19  SCV  
  35  4:20  Armory, SCV  
  37  4:25  Refinery  
  37  4:29  Refinery  
  37  4:31  Starport Tech Lab  
  37  4:32  SCV  
  37  4:33  Banshee  
  41  4:40  SCV  
  41  4:44  SCV  
  42  4:49  Banshee  
  42  4:52  Marine x2  
  47  4:54  SCV  
  47  4:57  SCV  
  49  5:02  Cloaking Field  
  50  5:10  Marine x2  
  52  5:16  Siege Tank, Supply Depot  
  52  5:18  Supply Depot  
  54  5:31  Command Center  
  54  5:37  Banshee, SCV x2  
  54  5:41  Banshee  
  62  5:49  SCV  
  63  5:50  Supply Depot x2  
  63  5:57  Bunker  
  63  6:02  Engineering Bay  
  63  6:11  SCV x2  
  65  6:16  Siege Tank, Supply Depot  
  68  6:22  Supply Depot  
  68  6:32  Banshee, Marine x2  
  70  6:33  Banshee  
  76  6:42  SCV x2  
  78  6:57  Marine x2  
  78  6:58  Siege Tank  
  83  7:04  Factory  
  83  7:05  Factory  
  83  7:15  SCV x2  
  85  7:28  Banshee, Marine x2  
  85  7:29  Banshee  
  93  7:38  Siege Tank  
  93  7:56  Infernal Pre-Igniter  
  93  7:57  Factory Reactor  
  93  7:58  Terran Vehicle Weapons Level 1  
  90  7:59  SCV x3  
  90  8:01  Factory Tech Lab  
  93  8:13  Banshee x2  
  93  8:19  Siege Tank  
  102  8:34  Missile Turret  
  102  8:43  Command Center  
  102  8:47  Missile Turret  
  102  8:56  Banshee  
  102  8:57  Siege Tank x2  
  102  8:58  Raven, Hellion x2  
  117  9:15  Armory  
  117  9:23  Planetary Fortress  
  117  9:52  Terran Vehicle And Ship Armor Level 1  
  117  9:55  Hyperflight Rotors, Corvid Reactor  
  117  9:59  Hellion x4  
  125  10:01  SCV x4  
  125  10:02  Supply Depot  
  125  10:03  Supply Depot  
  125  10:04  Supply Depot  
  125  10:06  Supply Depot  
  129  10:11  Terran Ship Weapons Level 1  
  129  10:15  SCV x4  
  129  10:20  Hellion  
  129  10:21  Hellion x2  
  139  10:24  Hellion  
  141  10:29  Refinery  
  141  10:30  Refinery  
  141  10:33  Command Center  
  135  10:47  Planetary Fortress  
  135  10:49  Siege Tank  
  141  10:50  Siege Tank  
  141  10:53  Hellion x2  
  145  11:10  Viking x2  
  142  11:34  Siege Tank x2  
  148  11:43  SCV x4  
  152  12:06  Siege Tank  
  152  12:07  Siege Tank  
  158  12:12  Command Center  
Tags
 
Add a new tag
Caveats
  • Supply blocks, unpowered buildings, or Contaminate may cause inaccurate times.
  • Supply counts are checked every 10 seconds.